 Dungeon Crawl Stone Soup version 0.16.1-7-g2c6721e (webtiles) character file.

28 Driimtorn the Grasshopper (level 2, -2/14 HPs)
             Began as a Spriggan Warper on Mar 30, 2015.
             Slain by an adder (3 damage)
             ... on level 2 of the Dungeon.
             The game lasted 00:03:01 (1806 turns).

Driimtorn the Grasshopper (Spriggan Warper)         Turns: 1806, Time: 00:03:01

Health: -2/14      AC:  2    Str:  7    XL:     2   Next: 96%
Magic:  7/7        EV: 18    Int: 14    God:
Gold:   37         SH:  0    Dex: 15    Spells: 1 memorised, 5 levels left

rFire  . . .     SeeInvis +     a - +0 short sword
rCold  . . .     Clarity  .     b - +0 robe
rNeg   . . .     SustAb   .     (shield restricted)
rPois  .         Gourm    .     (helmet restricted)
rElec  .         Spirit   .     (no cloak)
rCorr  .         Warding  .     (gloves unavailable)
rMut   +         Stasis   .     (boots unavailable)
MR     .....                    g - amulet of resist mutation
Stlth  ++........               (no ring)
                                (no ring)

@: lethally poisoned (-2 -> -15), very quick, not resistant to hostile
enchantments, unstealthy
A: unfitting armour, see invisible, herbivore 3, speed 3, slow metabolism 2
a: no special abilities


You were on level 2 of the Dungeon.
You were not hungry.

You visited 1 branch of the dungeon, and saw 2 of its levels.

You collected 37 gold pieces.

Inventory:

Hand weapons
 a - a +0 short sword (weapon)
Missiles
 e - 5 tomahawks of dispersal (quivered)
Armour
 b - a +0 robe (worn)
Jewellery
 g - an amulet of resist mutation (around neck)
Scrolls
 d - 2 scrolls of blinking
 h - a scroll of enchant armour {unknown}
 k - a scroll of identify {unknown}
 l - 4 scrolls of remove curse {unknown}
 n - a scroll of teleportation {unknown}
 o - a scroll of amnesia {unknown}
Potions
 i - a potion of heal wounds {unknown}
 j - a potion of cure mutation {unknown}
 m - a potion of curing {unknown}
Books
 c - a book of Spatial Translocations

   Spells                             Type                      Level
   a - Apportation                    Translocation                1
   b - Blink                          Translocation                2
   c - Shroud of Golubria             Charms/Translocation         2
   d - Portal Projectile              Translocation                3
   e - Teleport Other                 Translocation                3
   f - Passage of Golubria            Translocation                4
Comestibles
 f - 2 bread rations


   Skills:
 * Level 1.6 Fighting
 + Level 2.4 Short Blades
 + Level 1.3 Throwing
 - Level 1.0 Armour
 * Level 3.5 Dodging
 * Level 0.4 Stealth
 + Level 2.8 Spellcasting
 + Level 4.9 Translocations


You had 5 spell levels left.
You knew the following spells:

 Your Spells              Type           Power        Failure   Level  Hunger
a - Apportation           Tloc           ###.......   2%          1    #......


Dungeon Overview and Level Annotations

Branches:
Dungeon (2/15)

Altars:
Ashenzari


Innate Abilities, Weirdness & Mutations

You are tiny and cannot use many weapons and most armour.
You have supernaturally acute eyesight.
You are a herbivore.
You cover ground extremely quickly.
You need consume almost no food.


Message History

The adder bites you. The adder bites you.
You are poisoned.
The adder poisons you!
You see here a ball python corpse.
You feel sick.
You miss the adder. The adder completely misses you.
You closely miss the adder.
You feel sick. The adder bites you.
* * * LOW HITPOINT WARNING * * *
You are more poisoned.
The adder poisons you!
You hit the adder.
The adder is heavily wounded.
* * * LOW HITPOINT WARNING * * *
You feel sick. The adder bites you.
* * * LOW HITPOINT WARNING * * *
You hit the adder.
The adder is severely wounded.
The adder bites you.
You die...

#.#
#.##################
.....................
...............)##
.................#
....###########..#
....# ##†## ....##
#S.# .†...# #@$#
####.## #.........
...#..### ##.###.#.
...#....# ..
...#.#..## #.#
#'##.⌠#..### .#
......#....# .#
.....#.###.# .#
.....#...#)##


You could see an adder.

Vanquished Creatures
  A worm (D:2)
  A giant gecko (D:1)
  An ooze (D:2)
  A ball python (D:2)
  4 bats
  4 hobgoblins
  A giant newt (D:1)
  3 goblins (D:1)
  A kobold (D:1)
  3 rats
20 creatures vanquished.

Notes
Turn   | Place    | Note
--------------------------------------------------------------
     0 | D:1      | Driimtorn, the Spriggan Warper, began the quest for the Orb.
     0 | D:1      | Reached XP level 1. HP: 10/10 MP: 4/4
   289 | D:1      | Reached XP level 2. HP: 8/14 MP: 7/7
   819 | D:1      | Reached skill level 1 in Armour
  1002 | D:2      | Found a shattered altar of Ashenzari.
  1806 | D:2      | Slain by an adder

Action                   || total
-------------------------++-------
Melee: Short sword       ||   103
